 Dungeon Crawl Stone Soup version 0.31.0-4-g52a2dc7128 (webtiles) character file.

Game seed: 7430141563769571500

104 boopmooplesden the Covered (level 4, -8/57 HPs)
             Began as an Armataur Fighter on Jan 21, 2024.
             Killed by divine providence
             ... invoked by an orc priest
              (12 damage)
             ... on level 3 of the Dungeon.
             The game lasted 00:03:41 (1686 turns).

boopmooplesden the Covered (Armataur Fighter)       Turns: 1686, Time: 00:03:42

Health: -8/57      AC:  9    Str: 23    XL:     4   Next: 52%
Magic:  4/4        EV:  6    Int:  8    God:
Gold:   131        SH:  4    Dex: 10    Spells: 3/3 levels left

rFire   . . .        a - +1 long sword
rCold   . . .        c - +0 buckler
rNeg    . . .        r - +1 chain mail
rPois   .            (no helmet)
rElec   .            (no cloak)
rCorr   .            (no gloves)
SInv    .            (no barding)
Will    .....        (no amulet) Stlth
                     (no ring)
HPRegen 0.29/turn    (no ring)
MPRegen 0.42/turn

%: roll
@: berserking, very quick
A: large, deformed body, tough skin 3, armoured tail, roll 1
a: no special abilities


You were on level 3 of the Dungeon.
You visited 1 branch of the dungeon, and saw 3 of its levels.

You collected 131 gold pieces.

Inventory:

Hand Weapons
 a - a +1 long sword (weapon)
 p - the +4 short sword "Impslayer" {freeze, Stlth+}
   (You found it on level 2 of the Dungeon)

   Stlth+:    It makes you more stealthy.
Missiles
 o - 6 boomerangs (quivered)
Armour
 b - a +0 scale mail
 c - a +0 buckler (worn)
 r - a +1 chain mail (worn)
Talismans
 j - a beast talisman
Scrolls
 e - a scroll of identify
 h - a scroll of teleportation
 i - a scroll of vulnerability
 k - a scroll of poison
Potions
 d - a potion of might
 n - a potion of degeneration {unknown}
 t - a potion of haste {unknown}


   Skills:
 + Level 3.2 Fighting
 + Level 2.8 Long Blades
 + Level 4.2 Armour
 + Level 0.2 Dodging
 + Level 0.2 Stealth
 + Level 3.8 Shields
 + Level 0.7 Shapeshifting


You had 3 spell levels left.
You didn't know any spells.
Your spell library contained the following spells:

 Spells                   Type           Power      Damage    Failure   Level
 Cigotuvi's Dreadful Rot  Necr/Alch/Air  0%         N/A       99%         2
 Lesser Beckoning         Tloc           0%         N/A       99%         2
 Gell's Gravitas          Tloc           0%         N/A       100%        3
 Teleport Other           Tloc           0%         N/A       100%        3
 Ignite Poison            Fire/Alch      0%         N/A       100%        4
 Freezing Cloud           Conj/Ice/Air   0%         6-21      100%        5


Dungeon Overview and Level Annotations

Branches:
Dungeon (3/15)

Altars:

Shops:
D:2 (


Innate Abilities, Weirdness & Mutations

Armour fits poorly on your strangely shaped body.
You have extremely tough skin. (AC +3)
You have a long armoured tail.
You regenerate magic when rolling toward enemies. (Rampage MPRegen)


Message History

You hit the orc.
Your tail-slap misses the orc.
The orc is severely wounded.
The orc hits you but does no damage.
You hit the orc.
You kill the orc!
The orc hits you but does no damage.
You barely miss the orc. The orc closely misses you.
You hit the orc. You tail-slap the orc.
The orc is severely wounded.
The orc hits you with a +0 war axe.
* * * LOW HITPOINT WARNING * * *
An orc priest comes into view. It is wielding a +0 war axe.
You barely miss the orc.
The orc is severely wounded.
You block the orc's attack.
You hit the orc but do no damage.
Your tail-slap misses the orc.
The orc is severely wounded.
The orc hits you with a +0 war axe!
* * * LOW HITPOINT WARNING * * *
The orc closely misses you.
You barely miss the orc.
Your tail-slap misses the orc.
The orc is heavily wounded.
The orc barely misses you.
The orc priest calls upon Beogh to heal the orc.
The orc's wounds heal themselves!
A red film seems to cover your vision as you go berserk!
You feel yourself moving faster!
You feel mighty! The orc hits you but does no damage.
You slash the orc!
You kill the orc!
You roll towards the orc!
You closely miss the orc. The orc hits you but does no damage.
You closely miss the orc. The orc hits you with a +0 short sword.
* * * LOW HITPOINT WARNING * * *
You closely miss the orc. The orc hits you but does no damage.
You hit the orc.
The orc is severely wounded.
The orc priest calls down the wrath of Beogh upon you.
Beogh smites you!
You die...

# ##. .... #...
#...###########
#.....oo@.....#
#........######.#
#.#..###.######.##
. #. ..........#
.## # ##.######..#
.... #.#
#..###...# #.#
#..#...... #.#
##......... ...
#..........


You could see an orc priest and an orc.

Vanquished Creatures
  A hound (D:2)
  2 adders (D:2)
  A dart slug (D:1)
  2 ribbon worms (D:2)
  2 orcs (D:3)
  A ball python (D:3)
  4 bats
  6 endoplasms
  4 giant cockroaches
  4 hobgoblins
  4 jackals (D:1)
  A quokka (D:2)
  A frilled lizard (D:1)
  6 goblins
  2 kobolds (D:2)
  5 rats
46 creatures vanquished.

Notes
Turn   | Place    | Note
-------+----------+-------------------------------------------
     0 | D:1      | boopmooplesden the Armataur Fighter began the quest for the
                  | Orb.
     0 | D:1      | Reached XP level 1. HP: 18/18 MP: 1/1
   207 | D:1      | Reached XP level 2. HP: 23/25 MP: 2/2
   832 | D:2      | Identified the +4 short sword "Impslayer" {freeze, Stlth+}
   880 | D:2      | Reached XP level 3. HP: 30/31 MP: 3/3
   896 | D:2      | Reached skill level 4 in Armour
  1085 | D:2      | Found Bimemig's Weapon Shop.
  1424 | D:2      | Reached XP level 4. HP: 36/38 MP: 4/4
  1686 | D:3      | Killed from afar by an orc priest

Illustrated notes

Levels and vault maps discovered:
D:1:      dpeg_arrival_short_road, layout_basic, minmay_gold_behind_fungi
D:2:      layout_loops_ring, serial_shops, nicolae_shop_bloodbath_and_beyond
D:3:      cheibrodos_pilgrimage, layout_loops_ring

Skill      XL: |  1  2  3 |
---------------+----------+-----
Fighting       | 3 |  3.2
Long Blades    | 2 |  2.8
Armour         | 4 |  4.2
Dodging        | |  0.2
Stealth        | |  0.2
Shields        | |  3.8
Shapeshifting  | |  0.7

Action                     |  1- 3 |  4- 6 || total
---------------------------+-------+-------++-------
  Melee: Long sword        |   135 |    33 ||   168
         Tailslap          |     8 |     3 ||    11
    Use: Scroll            |       |     9 ||     9
         Potion            |       |     1 ||     1
 Armour: Scale mail        |    64 |       ||    64
         Chain mail        |    60 |    29 ||    89
  Dodge: Dodged            |    43 |     6 ||    49
  Block: Buckler           |    36 |     7 ||    43
   Form: Beast             |     1 |       ||     1
                           |     1 |       ||     1
